Map: Pillars of Gold LE

Players

FLORENCIO - Winner!

  • Race: Zerg Zerg
  • League: Platinum
  • Spawn Location: 1:00

stephan

  • Race: Terran Terran
  • League: Gold
  • Spawn Location: 7:00

VOD

Have the link to the VOD?

Description

Time

  • Played on: Feb. 13, 2021, 6:37 p.m.
  • Length: 20:30
Show
View Real Time Build Order
Export as new Build Order

FLORENCIO Zerg - Winner!

Build Orders: Pool First, Swarm Host, Ravager All-In 

Get SALT Encoding   

  12  0:07  Drone  
  12  0:08  Drone  
  14  0:24  Overlord  
  14  0:44  Drone x3  
  17  0:54  Spawning Pool  
  17  0:56  Extractor  
  15  0:57  Drone  
  16  1:06  Drone  
  17  1:24  Drone  
  18  1:31  Drone  
  19  1:45  Drone  
  20  1:59  Hatchery  
  20  2:00  Drone x2  
  21  2:10  Roach Warren  
  21  2:13  Extractor  
  19  2:21  Overlord x2  
  19  2:38  Drone  
  20  2:56  Drone x2  
  22  3:21  Drone x3  
  22  3:24  Drone  
  22  3:26  Drone  
  27  3:46  Roach x3  
  33  3:49  Roach  
  35  4:00  Roach x2  
  39  4:07  Ravager x2  
  41  4:13  Ravager  
  41  4:16  Ravager  
  43  4:20  Overlord x3  
  43  4:27  Ravager  
  44  4:33  Overlord  
  44  4:38  Queen x2  
  48  4:45  Drone x4  
  48  4:47  Drone  
  48  4:52  Drone  
  54  5:01  Drone  
  54  5:02  Drone  
  56  5:09  Drone  
  56  5:12  Extractor  
  56  5:13  Drone  
  56  5:14  Extractor  
  56  5:15  Burrow  
  45  6:31  Drone x5  
  44  6:35  Spore Crawler  
  44  6:38  Spine Crawler  
  42  6:41  Spine Crawler  
  42  6:43  Spore Crawler  
  42  6:44  Drone x3, Spine Crawler x2  
  41  6:47  Spore Crawler  
  41  6:49  Spine Crawler  
  41  6:50  Spine Crawler  
  41  6:51  Spine Crawler  
  41  6:52  Spine Crawler  
  41  6:54  Spine Crawler  
  35  6:55  Spore Crawler  
  34  7:09  Roach  
  34  7:10  Roach x3  
  34  7:11  Hatchery  
  41  7:25  Roach x5  
  51  7:35  Roach  
  51  7:36  Roach x4  
  61  7:45  Drone x2  
  63  7:56  Lair  
  63  8:00  Drone x4  
  67  8:11  Overlord x5  
  67  8:12  Overlord  
  67  8:22  Queen  
  69  8:44  Drone x8  
  69  8:46  Drone  
  78  8:48  Drone x3  
  78  8:49  Queen  
  83  9:18  Ravager  
  83  9:19  Ravager x4  
  88  9:25  Drone x7  
  88  9:27  Spore Crawler x2  
  88  9:31  Drone x4, Spine Crawler x3  
  91  9:32  Spine Crawler  
  91  9:37  Hydralisk Den  
  87  10:21  Drone x2  
  89  10:22  Extractor  
  89  10:24  Drone x9  
  89  10:25  Extractor  
  96  10:51  Muscular Augments  
  96  10:54  Zergling x2  
  96  10:55  Zergling x20  
  96  10:56  Zergling x2  
  108  10:57  Lurker Den  
  107  11:05  Spine Crawler  
  106  11:16  Glial Reconstitution  
  106  11:22  Hatchery  
  81  11:54  Overlord  
  81  11:55  Overlord x2  
  81  11:56  Lair  
  81  12:02  Grooved Spines  
  81  12:04  Infestation Pit  
  81  12:06  Metabolic Boost  
  80  12:34  Tunneling Claws  
  80  12:40  Drone x3  
  83  12:55  Swarm Host  
  83  12:56  Swarm Host x2  
  116  12:58  Swarm Host  
  122  13:10  Overlord x2  
  127  13:50  Swarm Host  
  154  14:06  Hydralisk, Zergling x2  
  154  14:07  Hydralisk  
  158  14:15  Overlord x5  
  156  14:31  Hydralisk x2  
  156  14:32  Hydralisk x2  
  156  14:33  Hydralisk x6  
  169  15:30  Hydralisk x11  
  169  15:31  Hydralisk  
  193  15:45  Hydralisk x3  
  157  16:07  Spine Crawler  
  154  16:11  Overseer x4  
  154  16:13  Overlord x3  
  154  16:17  Drone x9  
  163  16:31  Pneumatized Carapace  
  152  16:58  Spine Crawler  
  149  17:24  Overlord x2  
  149  17:32  Hydralisk  
  149  17:33  Hydralisk x7  
  165  18:06  Hydralisk x12  
  189  18:32  Lurker x10  
Show
View Real Time Build Order
Export as new Build Order

stephan Terran 

Build Orders: Command Center First (CC) 

Get SALT Encoding   

  12  0:02  SCV  
  13  0:14  SCV  
  14  0:25  Supply Depot  
  14  0:27  SCV  
  15  0:47  SCV  
  16  1:06  SCV  
  16  1:10  Command Center  
  17  1:14  Refinery  
  17  1:18  SCV  
  17  1:24  Refinery  
  18  1:30  SCV  
  19  1:39  Engineering Bay  
  19  1:42  SCV  
  20  1:55  SCV  
  21  2:11  Barracks  
  21  2:19  Supply Depot  
  21  2:22  Planetary Fortress  
  21  2:33  Supply Depot  
  21  2:34  SCV  
  22  2:46  SCV  
  23  2:59  SCV  
  23  3:04  Factory  
  23  3:05  SCV  
  25  3:11  SCV  
  26  3:17  SCV  
  27  3:23  SCV  
  28  3:29  SCV  
  29  3:35  SCV  
  29  3:37  Factory  
  30  3:41  SCV  
  30  3:47  SCV  
  32  3:52  Factory, Factory Tech Lab  
  32  3:53  SCV  
  33  3:59  SCV  
  33  4:02  Armory  
  34  4:05  SCV  
  35  4:11  SCV  
  35  4:13  Widow Mine  
  38  4:17  SCV  
  39  4:25  Supply Depot  
  39  4:30  Factory Reactor  
  39  4:40  Factory Reactor  
  39  4:43  Supply Depot  
  39  4:47  SCV x2  
  39  4:52  Widow Mine  
  43  4:53  Drilling Claws  
  43  4:59  Refinery  
  43  5:02  Refinery  
  43  5:04  SCV  
  43  5:05  SCV  
  45  5:10  Widow Mine x2  
  45  5:13  Widow Mine  
  51  5:16  SCV  
  51  5:17  SCV  
  52  5:29  SCV  
  52  5:30  Widow Mine x2  
  52  5:31  Widow Mine  
  52  5:32  Widow Mine  
  52  5:35  Widow Mine  
  52  5:52  Widow Mine  
  52  5:55  Widow Mine  
  54  5:58  Widow Mine  
  54  6:04  Widow Mine  
  46  6:12  Smart Servos  
  39  6:38  Hellion  
  39  6:39  Hellion x4  
  49  6:42  Command Center  
  49  6:55  SCV, Supply Depot  
  49  7:00  Hellion x2, Supply Depot x2  
  49  7:01  Supply Depot  
  54  7:16  SCV x2  
  54  7:17  Hellion  
  58  7:29  SCV x2  
  50  7:41  SCV x2  
  52  7:53  SCV x2  
  52  7:57  Supply Depot  
  54  7:59  Supply Depot  
  54  8:00  Supply Depot  
  54  8:03  SCV  
  54  8:05  SCV x2  
  57  8:15  SCV  
  57  8:17  SCV x2  
  49  8:38  Widow Mine x2  
  49  8:39  Widow Mine x3  
  57  8:41  SCV  
  57  8:47  Engineering Bay  
  58  8:50  Supply Depot  
  58  8:59  Orbital Command  
  58  9:00  Widow Mine x5  
  64  9:28  Missile Turret  
  64  9:36  Siege Tank  
  64  9:38  Hellion x3  
  64  9:52  SCV  
  64  9:57  SCV  
  65  10:05  SCV  
  62  10:08  Siege Tank  
  62  10:09  SCV  
  59  10:17  SCV  
  58  10:24  Missile Turret  
  57  10:31  Widow Mine  
  57  10:32  Widow Mine x3  
  60  10:40  Siege Tank  
  63  10:53  Widow Mine x4  
  71  10:57  Missile Turret  
  65  11:09  Factory x2  
  65  11:13  Siege Tank  
  65  11:14  Widow Mine  
  70  11:25  Missile Turret  
  61  12:00  Orbital Command  
  61  12:04  Factory Tech Lab x2  
  61  12:09  SCV  
  61  12:15  Armory  
  62  12:18  Armory  
  62  12:19  Armory  
  62  12:28  Siege Tank x2  
  73  12:30  Hellion  
  73  12:31  Widow Mine  
  73  12:32  Widow Mine x3  
  78  12:51  Widow Mine, Supply Depot  
  80  12:53  Terran Vehicle And Ship Armor Level 1  
  80  13:06  SCV x3  
  80  13:10  Siege Tank x3  
  92  13:13  Widow Mine x2  
  92  13:18  SCV x3  
  99  13:30  SCV x2  
  99  13:32  Command Center  
  95  13:42  Siege Tank x3  
  94  13:56  Widow Mine x4  
  94  14:14  Widow Mine x2  
  94  14:15  Widow Mine  
  92  14:17  Widow Mine x2, Hellion x2  
  98  14:36  Hellion x3  
  106  14:38  Hellion x2  
  106  14:39  Hellion  
  110  14:59  Hellion x4  
  116  15:00  Hellion x3  
  120  15:20  Hellion x2  
  70  16:08  Hellion x2  
  70  16:09  Hellion x5  
  62  16:25  Starport  
  62  16:27  Starport  
  62  16:28  Starport  
  62  16:30  Hellion x3, Starport  
  68  16:36  Starport  
  50  17:19  Starport Tech Lab x4  
  50  17:20  Starport Tech Lab  
  50  17:23  Fusion Core  
  30  17:45  Banshee x4  
  42  18:04  Cloaking Field  
  42  18:46  Widow Mine x2  
  42  18:47  Widow Mine x2  
  50  18:55  Widow Mine  
Tags
 
Add a new tag
Caveats
  • Supply blocks, unpowered buildings, or Contaminate may cause inaccurate times.
  • Supply counts are checked every 10 seconds.